 Dungeon Crawl Stone Soup version 0.19.1 (webtiles) character file.

883 Blackhawk the Digger (level 8, -40/57 HPs)
             Began as a Formicid Earth Elementalist on Mar 2, 2017.
             Killed from afar by a hippogriff (41 damage)
             ... with an exploding inner flame
             ... hexed by the player character
             ... on level 5 of the Dungeon on Mar 3, 2017.
             The game lasted 00:27:29 (5838 turns).

Blackhawk the Digger (Formicid Earth Elementalist)  Turns: 5838, Time: 00:27:29

Health: -40/57     AC:  5    Str: 19    XL:     8   Next: 26%
Magic:  17/23      EV:  6    Int: 17    God:
Gold:   165        SH: 27    Dex: 11    Spells: 4 memorised, 8 levels left

rFire  . . .     SeeInvis +     D - +11 dagger "Fah Genu" {elec, Str+6}
rCold  . . .     Gourm    .     c - +0 robe
rNeg   + . .     Faith    .     E - +18 shield of the Gong {rElec rN+ MR+ EV-5, Protecter of the Gods}
rPois  .         Spirit   .     (helmet unavailable)
rElec  +         Reflect  .     (no cloak)
rCorr  .         Harm     .     (no gloves)
MR     +....                    i - +2 pair of boots
Stlth  +++.......               (no amulet)
                                u - ring of magical power
                                l - ring of stealth

@: very slightly contaminated
A: permanent stasis, dig shafts and tunnels, four strong arms, antennae 3
a: Dig, Shaft Self


You were on level 5 of the Dungeon.
You were not hungry.

You visited 1 branch of the dungeon, and saw 5 of its levels.

You collected 273 gold pieces.
You spent 108 gold pieces at shops.

Inventory:

Hand Weapons
 D - the +11 dagger "Fah Genu" (weapon) {elec, Str+6}
   (You found it on level 4 of the Dungeon)

   Occasionally, upon striking a foe, it will discharge some electrical energy
   and cause terrible harm.
   It affects your strength (+6).
Missiles
 b - 142 stones (quivered)
Armour
 c - a +0 robe (worn)
 i - a +2 pair of boots (worn)
 E - the +18 shield of the Gong (worn) {rElec rN+ MR+ EV-5, Protecter of the Gods}
   (You found it on level 4 of the Dungeon)

   It affects your evasion (-5).
   It insulates you from electricity.
   It protects you from negative energy.
   It affects your resistance to hostile enchantments.
Jewellery
 l - a ring of stealth (left hand)
 u - a ring of magical power (right hand)
Scrolls
 h - 2 scrolls of identify
 m - 2 scrolls of remove curse
 p - a scroll of recharging
Potions
 a - a potion of curing
 f - 2 potions of might
 g - a potion of cure mutation {unknown}
 j - a potion of invisibility {unknown}
 k - a potion of agility
 o - 3 potions of brilliance {unknown}
 q - a potion of lignification {unknown}
 s - a potion of berserk rage
 v - a potion of flight {unknown}
 B - 2 potions of degeneration {unknown}
 C - a potion of haste {unknown}
Books
 e - a book of Geomancy

   Spells                             Type                      Level
   a - Sandblast                      Earth                        1
   b - Passwall                       Transmutation/Earth          2
   c - Stone Arrow                    Conjuration/Earth            3
   d - Petrify                        Transmutation/Earth          4
   e - Lee's Rapid Deconstruction     Earth                        5
 t - Sif Muna's Guide on Moulding
   (You found it on level 2 of the Dungeon)

   Spells                             Type                      Level
   a - Beastly Appendage              Transmutation                1
 A - a book of Cantrips

   Spells                             Type                      Level
   a - Confusing Touch                Hexes                        1
   b - Animate Skeleton               Necromancy                   1
   c - Summon Small Mammal            Summoning                    1
   d - Apportation                    Translocation                1
Comestibles
 d - 5 bread rations
 n - 3 meat rations
 r - 2 slices of pizza
 w - 9 chunks of flesh
 x - 4 fruits
 z - a beef jerky


   Skills:
 + Level 2.5 Fighting
 + Level 3.6 Short Blades
 - Level 3.1 Dodging
 - Level 2.5 Stealth
 * Level 2.7 Shields
 + Level 4.3 Spellcasting
 + Level 2.0 Conjurations
 + Level 1.1 Transmutations
 + Level 6.3 Earth Magic


You had 8 spell levels left.
You knew the following spells:

 Your Spells              Type           Power        Failure   Level  Hunger
a - Sandblast             Erth           ####..       6%          1    None
b - Passwall              Tmut/Erth      ###.......   21%         2    ##.....
c - Stone Arrow           Conj/Erth      ###...       34%         3    ###....
d - Summon Small Mammal   Summ           #...         63%         1    None


Dungeon Overview and Level Annotations

Branches:
Dungeon (5/15)             Temple (0/1) D:4

Altars:
Ashenzari
Cheibriados
Gozag
Kikubaaqudgha
Okawaru
Sif Muna
Trog
Uskayaw
Vehumet
The Shining One

Shops:
D:4 !:[


Innate Abilities, Weirdness & Mutations

You are under a permanent stasis effect.
You can dig through walls and to a lower floor.
Your four strong arms can wield two-handed weapons with a shield.
You have a pair of large antennae on your head. (SInv)


Message History

The hippogriff is almost dead.
Your bat barely misses the hippogriff.
You block the hippogriff's attack.
GONNNNG!
You block the hippogriff's attack.
BONNNG!
You block the hippogriff's attack.
PANG!
You barely miss the hippogriff.
The hippogriff is almost dead.
Your bat barely misses the hippogriff.
You block the hippogriff's attack.
GONNNNG!
You block the hippogriff's attack.
GONNNNG!
You block the hippogriff's attack.
SHROANNG!
You hit the hippogriff.
There is a sudden explosion of sparks!
The hippogriff explodes!
The fiery explosion engulfs you!
Ouch! That really hurt!
You die...

### #@#
#§##
##§.#
#.b.#
#...#
#...##
......##
##....#
......#
#.....#
.....#
#.....#


You could see a friendly bat.

Vanquished Creatures
  2 ogres
  A scorpion (D:4)
  A hound (D:4)
  3 orc priests
  6 orc wizards
  A centaur skeleton (D:4)
  An iguana (D:4)
  2 worker ants
  3 hound skeletons (D:3)
  7 gnolls
  5 adders
  2 oozes
  An adder zombie (D:3)
  3 worms
  5 leopard geckos
  15 orcs
  5 giant cockroaches
  5 goblins
  12 hobgoblins
  2 jackals (D:1)
  3 kobolds
  A quokka (D:5)
  2 ball pythons
  A ball python skeleton (D:3)
  11 bats
  8 frilled lizards
  3 leopard gecko zombies
  A quokka skeleton (D:3)
  A quokka zombie (D:4)
  6 rats
119 creatures vanquished.

Notes
Turn   | Place    | Note
-------+----------+-------------------------------------------
     0 | D:1      | Blackhawk the Formicid Earth Elementalist began the quest for the Orb.
     0 | D:1      | Reached XP level 1. HP: 13/13 MP: 3/3
   607 | D:1      | Reached XP level 2. HP: 17/19 MP: 5/5
   867 | D:1      | Reached skill level 4 in Earth Magic
   978 | D:1      | Reached XP level 3. HP: 24/24 MP: 6/6
  1133 | D:1      | Learned a level 2 spell: Passwall
  1137 | D:1      | Learned a level 3 spell: Stone Arrow
  1202 | D:1      | Reached skill level 1 in Short Blades
  1536 | D:2      | Found a snail-covered altar of Cheibriados.
  1571 | D:2      | Found a bloodstained altar of Trog.
  1618 | D:2      | Found a shattered altar of Ashenzari.
  1694 | D:2      | Reached XP level 4. HP: 30/30 MP: 3/7
  1840 | D:2      | Found an ancient bone altar of Kikubaaqudgha.
  1847 | D:2      | Found a radiant altar of Vehumet.
  1855 | D:2      | Found a deep blue altar of Sif Muna.
  1863 | D:2      | Identified Sif Muna's Guide on Moulding
  2208 | D:2      | Found a hide-covered altar of Uskayaw.
  2797 | D:3      | Reached XP level 5. HP: 33/36 MP: 5/9
  3095 | D:3      | Reached skill level 1 in Fighting
  3120 | D:3      | Reached skill level 1 in Conjurations
  3443 | D:3      | Reached XP level 6. HP: 41/43 MP: 10/10
  4402 | D:4      | Found Japnukha's Book Emporium.
  4553 | D:4      | Reached skill level 5 in Earth Magic
  4589 | D:4      | Found a staircase to the Ecumenical Temple.
  4604 | D:4      | Reached XP level 7. HP: 41/49 MP: 11/12
  4865 | D:4      | Got a steaming dagger
  5011 | D:4      | Learned a level 1 spell: Summon Small Mammal
  5125 | D:4      | Identified the +11 dagger "Fah Genu" {elec, Str+6} (You found it on level 4 of the Dungeon)
  5231 | D:4      | Found an opulent altar of Gozag.
  5231 | D:4      | Found a glowing golden altar of the Shining One.
  5287 | D:4      | Found Pularud Jank's Armour Shoppe.
  5369 | D:4      | Reached skill level 6 in Earth Magic
  5384 | D:4      | Reached skill level 1 in Shields
  5534 | D:4      | Found Qocoucsul's Distillery.
  5537 | D:4      | Bought a potion of berserk rage for 60 gold pieces
  5537 | D:4      | Bought a potion of might for 48 gold pieces
  5654 | D:5      | Entered Level 5 of the Dungeon
  5707 | D:5      | Reached XP level 8. HP: 54/57 MP: 14/14
  5746 | D:5      | Found an iron altar of Okawaru.
  5793 | D:5      | Noticed a hippogriff
  5823 | D:5      | HP: 1/57 [hippogriff (2)]
  5833 | D:5      | HP: 1/57 [hippogriff (7)]
  5838 | D:5      | Killed a hippogriff
  5838 | D:5      | Killed from afar by a hippogriff

Skill      XL: |  1  2  3  4  5  6  7  8 |
---------------+-------------------------+-----
Dodging        | 2 3 |  3.1
Earth Magic    | 4 5 6 |  6.3
Short Blades   | 1 2 3 |  3.6
Fighting       | 1 2 |  2.5
Spellcasting   | 3 4 |  4.3
Conjurations   | 1 2 |  2.0
Shields        | 1 2 |  2.7
Stealth        | |  2.5
Transmutations | |  1.1

Action                   |  1- 3 |  4- 6 |  7- 9 || total
-------------------------+-------+-------+-------++-------
Melee: Unarmed           |    32 |       |       ||    32
       Dagger            |   112 |   237 |    89 ||   438
 Cast: Sandblast         |    10 |    21 |     4 ||    35
       Stone Arrow       |     1 |    31 |    12 ||    44
       Summon Small Mamm |       |       |     2 ||     2
       Passwall          |       |       |     1 ||     1
  Use: Scroll            |       |     7 |     4 ||    11
       Potion            |       |       |     3 ||     3
 Stab: Sleeping          |     2 |     8 |     2 ||    12
  Eat: Chunk             |     3 |    12 |     6 ||    21
Armor: Robe              |    37 |    71 |     6 ||   114
Dodge: Dodged            |   109 |   148 |    22 ||   279
Block: Shield            |       |       |    82 ||    82
